 Dungeon Crawl Stone Soup version 0.31-a0-960-g0fca184906 (webtiles) character file.

Game seed: 12916860225286702917

10453 lunkers the Black Belt (level 12, -2/89 HPs)
             Began as a Meteoran Shapeshifter on Oct 23, 2023.
             Was a High Priest of Okawaru.
             Slain by a lindwurm (8 damage)
             ... summoned by Kirke
             ... on level 4 of the Lair of Beasts.
             The game lasted 00:16:47 (4896 turns).

lunkers the Black Belt (Meteoran Shapeshifter)      Turns: 4896, Time: 00:16:47

Health: -2/89      AC:  0    Str: 16    XL:     12   Next: 20%
Magic:  17/19      EV: 20    Int: 13    God:    Okawaru [*****.]
Gold:   551        SH:  0    Dex: 18    Spells: 11/11 levels left

rFire   . .          .
                       - Unarmed
rCold   . . .        (shield currently unavailable)
rNeg    . . .        A - melded +2 chain mail {rPois}
rPois   .            (helmet currently unavailable)
rElec   .            t - melded +2 cloak
rCorr   .            h - melded +2 pair of gloves
SInv    .            (boots currently unavailable)
Will    +....        a - amulet of regeneration
Stlth   ++           l - melded +5 ring of evasion
HPRegen 1.14/turn    j - melded +4 ring of protection
MPRegen 0.16/turn

%: no passive effects
@: about to teleport, pig-form, heroic, glowing, very quick
A: fast, no casting, small, sense surroundings 2, otherworldly, glowing, explore
regen
a: Renounce Religion, Heroism, Finesse, Duel


You were on level 4 of the Lair of Beasts.
You worshipped Okawaru.
Okawaru was extremely pleased with you.
You were a filthy swine.
You visited 2 branches of the dungeon, and saw 14 of its levels.

You collected 551 gold pieces.

Inventory:

Missiles
 B - a silver javelin
Armour
 h - a +2 pair of gloves (melded)
 t - a +2 cloak (melded)
 A - a +2 chain mail of poison resistance (melded)
Jewellery
 a - an amulet of regeneration (around neck)
 j - a +4 ring of protection (melded)
 l - a +5 ring of evasion (melded)
 m - a ring of ice
 o - a ring of flight
 x - a ring of wizardry
Talismans
 c - a beast talisman
 d - a flux talisman (active)
Wands
 q - a wand of roots (3)
 r - a wand of paralysis (4)
 v - a wand of flame (20)
 z - a wand of polymorph (18)
Scrolls
 e - a scroll of silence
 f - 6 scrolls of teleportation
 k - a scroll of revelation
 y - a scroll of fog
 C - a scroll of identify
 D - a scroll of enchant weapon
Potions
 b - a potion of lignification
 g - a potion of enlightenment
 i - 4 potions of curing
 n - 2 potions of haste
 p - a potion of berserk rage
 s - a potion of might
 u - a potion of cancellation
 w - 4 potions of mutation


   Skills:
 + Level 3.3(8.3) Fighting
 + Level 3.1(8.1) Armour
 + Level 3.8(8.8) Dodging
 * Level 15.7(20.7) Unarmed Combat
 - Level 8.0 Invocations
 + Level 10.9 Shapeshifting


You had 11 spell levels left.
You didn't know any spells.
Your spell library contained the following spells:

 Spells                   Type           Power      Damage    Failure   Level
 Foxfire                  Conj/Fire      0%         2x1d4     30%         1
 Sandblast                Erth           0%         2d4       30%         1
 Blink                    Tloc           0%         N/A       43%         2
 Lesser Beckoning         Tloc           0%         N/A       43%         2
 Momentum Strike          Conj/Tloc      0%         3d8       43%         2
 Passwall                 Tmut/Erth      0%         N/A       43%         2
 Stone Arrow              Conj/Erth      0%         3d7       67%         3
 Brom's Barrelling Bould  Conj/Erth      0%         2d3       97%         4
 Manifold Assault         Tloc           0%         N/A       97%         4
 Plasma Beam              Fire/Air       0%         2x1d10    100%        6
 Starburst                Conj/Fire      0%         6d3       100%        6


Dungeon Overview and Level Annotations

Branches:
Dungeon (10/15) Zot: 2001    Lair (4/5) D:10 Zot: 1663   Snake (0/4) Lair:2
 Temple: D:4-7        Swamp: Lair:2-3    Shoals: Lair:2-3     Slime: Lair:4-5
    Orc: D:9-12

Altars:
Ashenzari
Cheibriados
Fedhas
Gozag
Hepliaklqana
Okawaru
Qazlal
Ru
Vehumet
Wu Jian
Xom
Yredelemnul
Zin

Shops:
D:6 =

Annotations:
Lair:4 Kirke


Innate Abilities, Weirdness & Mutations

You are a filthy swine.
You move quickly.
Your equipment is almost entirely melded.
You are incapable of wielding weapons or throwing items.
You cannot cast spells.
You passively map the area around you.
You are easily found by Zot.
You glow in the dark.
You regain HP and MP as you explore.


Message History

The lindwurm barely misses you.
The lindwurm claws you but does no damage. x2
Something hits you.
* * * LOW HITPOINT WARNING * * *
The sphinx hits you.
* * * LOW HITPOINT WARNING * * *
The sphinx closely misses you. The sphinx barely misses you.
You gain the combat prowess of a mighty hero.
The rime drake barely misses you. The sphinx barely misses you. x2
The sphinx misses you. The lindwurm completely misses you.
The lindwurm barely misses you. The lindwurm misses you. Something hits you.
* * * LOW HITPOINT WARNING * * *
Unknown command.
Unknown command.
As you read the scroll of teleportation, it crumbles to dust.
You feel strangely unstable.
The rime drake bites you but does no damage.
The sphinx mumbles some strange words.
You resist with significant effort. The lindwurm barely misses you. x2
The lindwurm closely misses you.
You hear some strange, mumbled words.
Your transformation has ended.
You turn into a filthy swine.
Your +2 cloak melds into your body.
Your +2 pair of gloves melds into your body.
Your +2 chain mail of poison resistance melds into your body.
Your +5 ring of evasion melds into your body.
Your +4 ring of protection melds into your body.
You no longer feel resistant to poison.
Unknown command.
Unknown command.
You hit something. The rime drake misses you. The sphinx hits you!
* * * LOW HITPOINT WARNING * * *
The sphinx hits you.
* * * LOW HITPOINT WARNING * * *
The sphinx misses you. The lindwurm bites you.
* * * LOW HITPOINT WARNING * * *
The lindwurm claws you!
* * * LOW HITPOINT WARNING * * *
The lindwurm claws you!
You die...

, **, ###.#.P.######P#### ~ *
♣.,.................. , , ♣.,
#................ , ~ ~,
♣♣♣.####.#....#.###.#.. ,, **
♣♣~~P....#....##........ ~
~♣~~~~....#.............. ,
~♣~~.....#....#.....#.. , ♣*♣♣
♣♣♣~.k{H......#........
,♣♣.♣.♣♣♣P♣P.#hP.#.........#...
,
......♣.....k###....##....##..
....................###..###..
.....................###..#...
,,
..............................
..............................
..............................
......>.......................
,.....................##'#.##P.


You could see a sphinx (summoned), a lindwurm (summoned, catching breath) and a
rime drake (misshapen).

Vanquished Creatures
  A boulder beetle (Lair:2)
  A black mamba (Lair:4)
  4 cane toads
  2 rime drakes
  A komodo dragon (Lair:2)
  2 trolls
  A hornet (D:9)
  Grinder (D:3)
  Sigmund (D:5)
  2 wyverns
  A basilisk (Lair:1)
  3 hogs (Lair:4)
  9 yaks
  2 nagas (Lair:2)
  2 water moccasins
  4 orc warriors
  4 ice beasts
  2 sky beasts (D:8)
  A black bear (D:6)
  8 wolves
  5 centaurs
  A kobold brigand (D:6)
  5 bullfrogs
  7 wights
  4 killer bees (D:9)
  An electric eel (Lair:2)
  4 howler monkeys
  4 orc priests
  2 gnoll boudas
  A hound (D:5)
  A jelly (D:4)
  3 iguanas
  15 orc wizards
  2 adders
  8 gnolls
  3 shadow imps
  4 white imps
  4 ufetubi
  A worm (D:5)
  A dart slug (D:1)
  38 orcs
  5 ball pythons
  4 bats
  7 endoplasms
  3 giant cockroaches
  2 goblins
  6 hobgoblins
  13 jackals
  7 kobolds
  4 quokkas
  A rat (D:2)
218 creatures vanquished.

Notes
Turn   | Place    | Note
-------+----------+-------------------------------------------
     0 | D:1      | lunkers the Meteoran Shapeshifter began the quest for the
                  | Orb.
     0 | D:1      | Reached XP level 1. HP: 16/16 MP: 2/2
    62 | D:1      | Reached skill level 4 in Unarmed Combat
    62 | D:1      | Reached XP level 2. HP: 19/23 MP: 3/3
   132 | D:1      | Reached XP level 3. HP: 28/28 MP: 4/4
   506 | D:1      | Glimpsed the power of Zot.
   604 | D:2      | Reached XP level 4. HP: 35/35 MP: 5/5
   622 | D:2      | Found a basalt altar of Yredelemnul.
   768 | D:3      | Reached skill level 5 in Unarmed Combat
   774 | D:3      | Found a faded altar of an unknown god.
   779 | D:3      | Prayed at the altar of an unknown god.
   815 | D:3      | Found a broken altar of Ashenzari.
  1020 | D:3      | Noticed Grinder
  1025 | D:3      | Paralysed by Grinder for 2 turns
  1045 | D:3      | Killed Grinder
  1046 | D:3      | Reached skill level 6 in Unarmed Combat
  1046 | D:3      | Reached skill level 5 in Shapeshifting
  1046 | D:3      | Reached XP level 5. HP: 27/40 MP: 6/6
  1046 | D:3      | Reached XP level 6. HP: 32/47 MP: 7/7
  1056 | D:3      | Found a hazy altar of Hepliaklqana.
  1118 | D:4      | Reached skill level 7 in Unarmed Combat
  1206 | D:4      | Identified the +7 sling "Vuan" {drain, Str+4}
  1281 | D:4      | Reached XP level 7. HP: 52/52 MP: 8/8
  1512 | D:5      | Entered Level 5 of the Dungeon
  1537 | D:5      | Noticed Sigmund
  1553 | D:5      | Killed Sigmund
  1584 | D:5      | Reached skill level 8 in Unarmed Combat
  1592 | D:5      | Noticed a water moccasin
  1606 | D:5      | Killed a water moccasin
  1607 | D:5      | Reached XP level 8. HP: 44/59 MP: 9/9
  1627 | D:5      | Reached skill level 9 in Unarmed Combat
  1977 | D:6      | Found Viniruss's Jewellery Boutique.
  1983 | D:6      | Reached skill level 10 in Unarmed Combat
  2003 | D:6      | Found an iron altar of Okawaru.
  2003 | D:6      | Found a snail-covered altar of Cheibriados.
  2003 | D:6      | Found a shimmering altar of Xom.
  2006 | D:6      | Found an opulent altar of Gozag.
  2006 | D:6      | Found a radiant altar of Vehumet.
  2011 | D:6      | Found an ornate altar of the Wu Jian Council.
  2011 | D:6      | Found a blossoming altar of Fedhas.
  2017 | D:6      | Found a stormy altar of Qazlal.
  2021 | D:6      | Gained mutation: You passively map the area around you.
                  | [Meteoran growth]
  2021 | D:6      | Reached XP level 9. HP: 61/64 MP: 10/10
  2022 | D:6      | Became a worshipper of Warmaster Okawaru
  2280 | D:7      | Reached skill level 11 in Unarmed Combat
  2512 | D:7      | Reached * piety under Okawaru
  2526 | D:7      | Reached skill level 1 in Invocations
  2808 | D:7      | Identified the +2 robe "Jetsil" {Drain Dex+7}
  2891 | D:8      | Noticed a troll
  2899 | D:8      | Killed a troll
  2900 | D:8      | Reached skill level 12 in Unarmed Combat
  2906 | D:8      | Reached ** piety under Okawaru
  2912 | D:8      | Reached XP level 10. HP: 59/71 MP: 13/13
  3220 | D:9      | Found a sacrificial altar of Ru.
  3365 | D:9      | Reached skill level 13 in Unarmed Combat
  3371 | D:9      | Reached skill level 5 in Invocations
  3502 | D:9      | Reached *** piety under Okawaru
  3855 | D:9      | Paralysed by a hornet for 1 turns
  3971 | D:10     | Entered Level 10 of the Dungeon
  4067 | D:10     | Noticed a rime drake
  4074 | D:10     | Reached XP level 11. HP: 77/77 MP: 16/16
  4080 | D:10     | Reached **** piety under Okawaru
  4081 | D:10     | Reached skill level 14 in Unarmed Combat
  4104 | D:10     | Found a staircase to the Lair.
  4111 | D:13     | Identified the "Seso"
  4111 | Lair:1   | Entered Level 1 of the Lair of Beasts
  4132 | Lair:1   | Reached skill level 10 in Shapeshifting
  4363 | Lair:2   | Noticed a boulder beetle
  4377 | Lair:2   | Killed a boulder beetle
  4377 | Lair:2   | Reached ***** piety under Okawaru
  4378 | Lair:2   | Reached skill level 15 in Unarmed Combat
  4425 | Lair:2   | Reached skill level 1 in Armour
  4529 | Lair:2   | Found a staircase to the Snake Pit.
  4546 | Lair:2   | Received a gift from Okawaru
  4693 | Lair:4   | Reached XP level 12. HP: 83/88 MP: 19/19
  4865 | Lair:4   | Noticed Kirke
  4877 | Lair:4   | Noticed a sphinx
  4881 | Lair:4   | Noticed a lindwurm
  4896 | Lair:4   | Slain by a lindwurm

Illustrated notes

Levels and vault maps discovered:
D:1:      shiori_arrival_oz, layout_loops_ring
D:2:      layout_rooms, serial_glass, glass_columns_b, glass_columns_c,
          glass_columns_a, glass_columns_a, glass_columns_a, glass_columns_b,
          glass_columns_a, glass_columns_a, glass_columns_a, glass_columns_a,
          basic_altar, minmay_misc_feat_pillars
D:3:      layout_basic, mainiacjoe_overflow_alcove_2, general_overflow_altar,
          shapermc_ecumenical_altar_mp_vishouse, uniq_grinder
D:4:      layout_basic, minmay_temple_entry_hall
D:5:      layout_rooms, uniq_sigmund
D:6:      layout_rooms, grunt_temple_overflow_open, serial_shops, shop
D:7:      layout_loops_corners
D:8:      layout_rooms
D:9:      layout_stronghold, nicolae_ru_sacrificial_ziggurat, minivault_4,
          chequers_jeans
D:10:     wad_pebble_path, layout_stronghold, hellmonk_lair_entry_icy, uniq_urug
Lair:1:   layout_regular_city, serial_bayou_pond_c, infiniplex_staircase_pool_2
Lair:2:   layout_chaotic_city, alex1729_swamp_entry_worm_eleionoma,
          guppyfry_snake_entry_garden, nicolae_lair_liquid_snakes
Lair:3:   layout_regular_city
Lair:4:   layout_regular_city, guppyfry_lair_drakes, uniq_kirke

Skill      XL: |  1  2  3  4  5  6  7  8  9 10 11 12 |
---------------+-------------------------------------+-----
Unarmed Combat | 4 6 7 8 10 12 13 15 | 15.7
Shapeshifting  | 4 5 6 7 8 9 10 | 10.9
Invocations    | 3 6 8 |  8.0
Armour         | 2 3 |  3.1
Fighting       | 2 3 |  3.3
Dodging        | 3 |  3.8

Action                     |  1- 3 |  4- 6 |  7- 9 | 10-12 || total
---------------------------+-------+-------+-------+-------++-------
  Melee: Unarmed           |    87 |    70 |   241 |   379 ||   777
         Punch             |     2 |     2 |    16 |     3 ||    23
 Invoke: Heroism           |       |       |       |     2 ||     2
  Evoke: Wand              |       |       |       |     2 ||     2
    Use: Scroll            |       |     2 |    13 |     6 ||    21
         Potion            |       |       |       |     1 ||     1
 Armour: Animal skin       |    44 |       |       |       ||    44
         Ring mail         |     1 |    21 |    72 |       ||    94
         Chain mail        |       |       |    73 |   253 ||   326
         Skin              |       |       |       |     5 ||     5
  Dodge: Dodged            |    62 |    46 |   156 |   209 ||   473
   Form: Flux              |       |       |       |     1 ||     1

Table legend: (Time is in decaauts)
 A = Elapsed time spent in this place.
 B = Non-inter-level travel time spent in this place.
 C = Inter-level travel time spent in this place.
 D = Time resting spent in this place.
 E = Time spent auto-exploring this place.
 F = Levels seen in this place.
 G = Mean time per level.
                   A        B        C        D        E       F      G
               +--------+--------+--------+--------+--------+-----+--------+
         Total |   4734 |   4561 |    173 |      0 |   2908 |  14 |  338.1 |
       Dungeon |   3998 |   3866 |    132 |      0 |   2571 |  10 |  399.8 |
          Lair |    735 |    694 |     41 |      0 |    337 |   4 |  183.8 |
               +--------+--------+--------+--------+--------+-----+--------+

Top non-repeatable levels by time:
     D:9: 743 daAuts
     D:7: 557 daAuts
     D:1: 543 daAuts
     D:4: 413 daAuts
     D:3: 391 daAuts
     D:6: 364 daAuts
     D:5: 361 daAuts
     D:8: 350 daAuts
  Lair:4: 239 daAuts
  Lair:1: 223 daAuts
  Lair:2: 205 daAuts
     D:2: 144 daAuts
    D:10: 129 daAuts
  Lair:3: 67 daAuts
